Map: Bridgehead LE (Void)

Players

Javert

  • Race: Zerg Zerg
  • League: Platinum

Okatthisgame - Winner!

  • Race: Terran Terran
  • League: Silver

VOD

Have the link to the VOD?

Description

Time

  • Played on: Aug. 19, 2015, 10:16 p.m.
  • Length: 6:45
Show
View Real Time Build Order
Export as new Build Order

Javert Zerg 

Build Orders: Hatch First 

Get SALT Encoding   

  12  0:01  Drone  
  13  0:09  Drone  
  14  0:19  Extractor  
  14  0:20  Drone, Extractor  
  13  0:22  Drone  
  13  0:28  Overlord  
  16  0:53  Hatchery  
  16  0:55  Drone  
  16  1:01  Drone, Extractor  
  16  1:03  Drone  
  17  1:20  Spawning Pool  
  17  1:21  Drone  
  17  1:26  Drone  
  17  1:31  Drone  
  19  1:38  Drone  
  20  1:49  Drone  
  21  2:06  Metabolic Boost  
  21  2:07  Queen  
  21  2:08  Queen  
  25  2:10  Overlord  
  25  2:20  Zergling x6  
  28  2:29  Overlord  
  28  2:31  Drone  
  29  2:42  Drone x2  
  31  2:57  Drone  
  31  2:58  Drone  
  33  3:07  Drone x3  
  36  3:22  Drone x6  
  36  3:25  Hatchery  
  36  3:26  Overlord  
  41  3:35  Drone  
  41  3:36  Drone x2  
  44  3:44  Overlord  
  44  3:51  Extractor  
  44  3:53  Drone x5  
  44  3:54  Drone x2  
  50  3:56  Queen  
  50  4:01  Overlord  
  52  4:10  Drone, Extractor  
  52  4:11  Lair, Drone, Extractor  
  52  4:18  Drone x2  
  54  4:30  Drone x7  
  54  4:31  Drone  
  62  4:52  Spore Crawler  
  61  4:59  Overlord x2  
  61  5:06  Overlord x2  
  61  5:07  Drone x3  
  61  5:08  Drone  
  61  5:13  Spire  
  64  5:20  Drone x5  
  64  5:21  Drone x3  
  72  5:30  Spore Crawler  
  69  5:35  Zergling x4  
  69  5:36  Zergling x12  
  76  5:47  Hydralisk Den  
  76  5:49  Drone x4  
  79  5:51  Extractor  
  79  5:52  Extractor  
  79  5:53  Drone  
  78  6:02  Overlord x3  
  78  6:08  Drone  
  78  6:09  Drone x4  
  83  6:16  Spine Crawler  
  83  6:17  Spine Crawler x2  
  80  6:20  Spine Crawler  
Show
View Real Time Build Order
Export as new Build Order

Okatthisgame Terran - Winner!

Build Orders: Reaper Expand 

Get SALT Encoding   

  12  0:00  SCV  
  13  0:13  SCV  
  14  0:25  SCV  
  14  0:27  Supply Depot  
  15  0:31  Refinery  
  15  0:48  SCV  
  15  0:49  Barracks  
  16  1:00  SCV  
  17  1:12  SCV  
  18  1:24  SCV  
  19  1:34  Command Center  
  19  1:36  Reaper  
  19  1:37  SCV  
  21  1:49  Orbital Command  
  21  2:02  Supply Depot  
  21  2:05  Refinery  
  21  2:14  Barracks Reactor  
  21  2:16  Barracks  
  21  2:17  SCV  
  23  2:30  SCV  
  23  2:42  SCV  
  24  2:54  SCV  
  25  2:59  Marine x2  
  25  3:04  Barracks Tech Lab  
  26  3:06  SCV, Supply Depot  
  26  3:07  Factory  
  26  3:11  Orbital Command  
  27  3:17  Marine x2  
  27  3:18  SCV  
  30  3:24  Stimpack, Marine  
  31  3:30  SCV  
  32  3:34  Marine  
  32  3:40  Marine  
  34  3:42  SCV, Marine  
  36  3:49  SCV  
  36  3:51  Supply Depot  
  36  3:54  SCV, Marine  
  39  3:59  Factory Tech Lab  
  39  4:00  Marine  
  39  4:01  SCV  
  39  4:02  Starport  
  41  4:06  SCV  
  42  4:10  Marine  
  42  4:12  Marine  
  42  4:13  SCV  
  45  4:17  Refinery, Marine  
  45  4:18  SCV  
  45  4:21  Siege Tank  
  50  4:25  SCV  
  50  4:27  Marine  
  50  4:30  Marine  
  53  4:39  SCV, Refinery  
  54  4:46  SCV, Starport Reactor  
  54  4:47  Supply Depot, Medivac  
  54  4:49  Marine x2  
  54  4:51  SCV  
  60  5:03  SCV  
  60  5:08  Siege Tank  
  60  5:09  Supply Depot  
  60  5:14  Engineering Bay, Marine  
  63  5:15  SCV, Marine  
  63  5:17  Medivac, Marine  
  69  5:32  Marine x2  
  71  5:36  Marine  
  71  5:40  Siege Tank  
  75  5:50  Marine  
  75  5:51  Starport Reactor  
  75  5:52  Marine  
  75  5:54  Marine  
  75  5:56  Barracks  
  78  6:03  Engineering Bay  
  78  6:06  Supply Depot  
  78  6:27  SCV, Marine x2  
  78  6:29  Supply Depot  
Tags
 
Add a new tag
Caveats
  • Supply blocks, unpowered buildings, or Contaminate may cause inaccurate times.
  • Supply counts are checked every 10 seconds.